AoeStats
← El Diablo

Hideout

508396800Analyzed
1v1 RM · 11d ago on Sep 22, 2026· 49m 20s· 2 players
Game mode
Random Map
Map size
Tiny (2 player)
Population
200
Speed
Normal
Resources
Standard
Victory
Conquest
Starting age
Dark Age
Ending age
Imperial Age
RankedLock teamsTeams togetherTeam positionsShared explorationLock speedFull tech treeHidden civsTurbo modeCheats
Victory
Defeat
🇳🇿 Persians · New Zealand
431
+12
🇺🇸 Turks · United States
350
-12
wubs
9:27 Feudal Age
15:07 Horse Collar
15:46 Town Watch
19:51 Castle Age
20:39 Double-Bit Axe
21:01 Fletching
22:20 Husbandry
24:07 Forging
24:44 Bodkin Arrow
31:19 Town Patrol
32:50 Heavy Plow
33:04 Bow Saw
33:22 Bow Saw
36:42 Wheelbarrow
41:51 Imperial Age
41:28 Murder Holes
41:45 Masonry
41:26 Guard Tower
41:47 Fortified Wall
45:34 Bombard Tower
El Diablo
7:07 Loom
11:15 Feudal Age
16:53 Castle Age
15:32 Wheelbarrow
16:26 Double-Bit Axe
16:24 Horse Collar
18:29 Bow Saw
20:12 Heavy Plow
23:56 Gold Mining
25:32 Scale Barding Armor
25:38 Forging
27:16 Pikeman
30:58 Bloodlines
31:12 Scale Mail Armor
31:17 Squires
33:34 Husbandry
38:25 Imperial Age
37:54 Chain Barding Armor
38:11 Iron Casting
39:00 Chain Mail Armor
39:25 Plate Barding Armor
41:00 Citadels
40:53 Kamandaran
41:17 Onager
42:21 Halberdier
44:54 Conscription
44:05 Crossbowman
45:11 Ballistics
45:52 Chemistry
45:18 Thumb Ring
49:37 Fletching
49:48 Padded Archer Armor
Connection lost

Rejoining the realm…

Still unreachable

The connection could not be restored.

Session expired

The server has moved on; the page needs a fresh start.